 Dungeon Crawl Stone Soup version 0.28.0-53-g5a82cb258f (webtiles) character file.

Game seed: 11863070562946689325

106 zdrol the Chopper (level 4, -6/39 HPs)
             Began as a Minotaur Fighter on June 24, 2022.
             Mangled by an iguana (8 damage)
             ... on level 4 of the Dungeon.
             The game lasted 00:06:44 (2098 turns).

zdrol the Chopper (Minotaur Fighter)                Turns: 2098, Time: 00:06:44

Health: -6/39      AC:  6    Str: 23    XL:     4   Next: 55%
Magic:  3/3        EV:  9    Int: 11    God:
Gold:   179        SH:  4    Dex:  9    Spells: 3/3 levels left

rFire   . . .      SeeInvis .   a - +0 war axe
rCold   . . .      Faith    .   c - +0 buckler
rNeg    . . .      Spirit   .   b - +0 scale mail
rPois   .          Reflect  .   (helmet restricted)
rElec   .          Harm     .   (no cloak)
rCorr   .          Rampage  .   (no gloves)
Will    .....                   (no boots)
Stlth   ..........              (no amulet)
HPRegen 0.13/turn               g - +6 ring of intelligence
MPRegen 0.08/turn               (no ring)

@: no status effects
A: horns 2, retaliatory headbutt
a: no special abilities


You were on level 4 of the Dungeon.
You visited 1 branch of the dungeon, and saw 4 of its levels.

You collected 179 gold pieces.

Inventory:

Hand Weapons
 a - a +0 war axe (weapon)
 j - a +2 long sword of electrocution
Armour
 b - a +0 scale mail (worn)
 c - a +0 buckler (worn)
Jewellery
 g - a +6 ring of intelligence (left hand)
Scrolls
 h - 2 scrolls of identify
Potions
 d - 3 potions of might
 e - 2 potions of ambrosia {unknown}
 f - 3 potions of curing {unknown}
 i - a potion of brilliance {unknown}


   Skills:
 - Level 3.6 Fighting
 + Level 5.7 Axes
 - Level 3.6 Armour
 - Level 0.6 Dodging
 - Level 0.2 Stealth
 - Level 3.6 Shields


You had 3 spell levels left.
You didn't know any spells.
Your spell library contained the following spells:

 Spells                   Type           Power      Damage    Failure   Level
 Call Canine Familiar     Summ           0%         N/A       98%         3
 Portal Projectile        Hex/Tloc       0%         N/A       98%         3
 Leda's Liquefaction      Hex/Erth       0%         N/A       100%        4


Dungeon Overview and Level Annotations

Branches:
Dungeon (4/15)             Temple (0/1) D:4

Altars:

Shops:
D:2 [


Innate Abilities, Weirdness & Mutations

You have a pair of horns on your head.
You reflexively headbutt those who attack you in melee.


Message History

You see here an adder corpse.
You closely miss the adder. The adder bites you but does no damage.
You slash the adder!
The adder is almost dead.
You slash the adder!
You kill the adder!
The adder bites you but does no damage. The adder closely misses you.
You furiously retaliate!
You headbutt the adder!
You kill the adder!
A giant cockroach comes into view.
Found a staircase to the Ecumenical Temple.
Found a scroll of identify.
A white imp comes into view.
The white imp shouts, "Scamper hence, thou froward fen-sucked cattle!"
Found 4 gold pieces.
You block the giant cockroach's attack.
An iguana comes into view.
The giant cockroach bites you but does no damage. x2
You barely miss the giant cockroach.
The giant cockroach bites you but does no damage.
You hit the giant cockroach.
You kill the giant cockroach!
The white imp gestures at you. The puff of frost hits you!
The white imp hits you but does no damage.
You hit the white imp but do no damage. You block the white imp's attack.
You hit the white imp.
The white imp is heavily wounded.
You hit the iguana but do no damage.
You hear the slow rusting of a very distant drain.
The white imp completely misses you.
The iguana bites you but does no damage.
The white imp picks up a beetle and eats it.
The white imp gestures at you. The puff of frost hits you!
* * * LOW HITPOINT WARNING * * *
Unknown command.
You closely miss the white imp. Your headbutt misses the white imp.
The white imp is moderately wounded.
You barely miss the iguana. The iguana bites you!
You die...

######### #.... ..#
#...###.# #...#...######
###########.##.#.#....#
.................#.##.#
............††..!.>.<#
####.....####........#
#.5@..# ######.###
.......l........ .....
#..##...##.#.......S...#
#.?##...##.# ..........#
#........ .# ..........#
#....>..... ..####....#
....$.......##. #S..##
...##...##..#


You could see an iguana and a white imp.

Vanquished Creatures
  8 adders
  A worm (D:2)
  4 bats
  2 endoplasms (D:2)
  3 giant cockroaches
  2 goblins
  A hobgoblin (D:1)
  2 quokkas (D:2)
  2 ball pythons (D:1)
  2 frilled lizards
  5 kobolds
  3 rats
35 creatures vanquished.

Notes
Turn   | Place    | Note
-------+----------+-------------------------------------------
     0 | D:1      | zdrol the Minotaur Fighter began the quest for the Orb.
     0 | D:1      | Reached XP level 1. HP: 19/19 MP: 0/0
   156 | D:1      | Reached skill level 3 in Axes
   459 | D:1      | Reached XP level 2. HP: 26/26 MP: 1/1
   851 | D:2      | Found Uptaz's Armour Shoppe.
  1031 | D:2      | Reached skill level 4 in Axes
  1266 | D:2      | Reached XP level 3. HP: 28/31 MP: 2/2
  1671 | D:2      | Reached skill level 5 in Axes
  1685 | D:2      | Identified the -4 pair of gloves of Lejeh {rF+ Int+2 Dex+3}
  2005 | D:3      | Reached XP level 4. HP: 39/39 MP: 3/3
  2088 | D:4      | Found a staircase to the Ecumenical Temple.
  2098 | D:4      | Mangled by an iguana

Illustrated notes

Levels and vault maps discovered:
D:1:      dpeg_arrival_refuge, layout_loops_ring, chequers_jeans,
          minmay_misc_feat_room, minmay_split_cup_large
D:2:      layout_basic, serial_shops, nicolae_shop_advertising_works
          [nicolae_subvault_shop_adworks]
D:3:      layout_loops_cross, minmay_misc_feat_diagonals, st_stairs_4,
          hangedman_abyss_or_decor_stabs, hangedman_decor_push
D:4:      layout_basic, minmay_temple_entry_stoned_glass, serial_shops,
          nicolae_shop_bloodbath_and_beyond, cheibrodos_sewer_entry_bend,
          uniq_sigmund

Skill      XL: |  1  2  3 |
---------------+----------+-----
Axes           | 3 4 5 |  5.7
Fighting       | |  3.6
Armour         | |  3.6
Dodging        | |  0.6
Stealth        | |  0.2
Shields        | |  3.6

Action                   |  1- 3 |  4- 6 || total
-------------------------+-------+-------++-------
Melee: War axe           |    58 |    24 ||    82
       Headbutt          |     5 |       ||     5
  Use: Scroll            |     1 |       ||     1
Armor: Scale mail        |    38 |    20 ||    58
Dodge: Dodged            |    41 |    16 ||    57
Block: Buckler           |    16 |     5 ||    21
